 Dungeon Crawl Stone Soup version 0.19-a0-231-gae044c8 (webtiles) character file.

588 oplop the Sneak (level 7, -2/36 HPs)
             Began as a Vine Stalker Assassin on May 24, 2016.
             Was a Follower of Ukayaw.
             Killed from afar by an orc wizard (8 damage)
             ... with a magic dart
             ... on level 4 of the Dungeon.
             The game lasted 00:06:21 (3149 turns).

oplop the Sneak (Vine Stalker Assassin)             Turns: 3149, Time: 00:06:22

Health: -2/36      AC:  3    Str: 14    XL:     7   Next: 38%
Magic:  0/9        EV: 13    Int: 11    God:    Ukayaw [*.....]
Gold:   123        SH:  0    Dex: 17    Spells: 0 memorised, 6 levels left

rFire  . . .     SeeInvis .     a - +2 dagger
rCold  . . .     Gourm    .     c - +0 robe
rNeg   . . .     Faith    .     (no shield)
rPois  .         Spirit   +     (no helmet)
rElec  .         Dismiss  .     d - +0 cloak
rCorr  .         Reflect  .     (no gloves)
SustAt .         Harm     .     (no boots)
MR     .....                    (no amulet)
Stlth  ++++......               (no ring)
                                m - ring of flight

@: not resistant to hostile enchantments, stealthy
A: fangs 2, regeneration 2, magic shield, antimagic bite, no device heal 3, rot
immunity
a: Stomp, Renounce Religion, Evoke Flight


You were on level 4 of the Dungeon.
You worshipped Ukayaw.
Ukayaw was aware of your devotion.
You were not hungry.

You visited 1 branch of the dungeon, and saw 4 of its levels.
You also visited: Sewer.

You collected 123 gold pieces.

Inventory:

Hand Weapons
 a - a +2 dagger (weapon)
 b - a +0 blowgun
Missiles
 e - 9 poisoned needles
 f - 2 curare-tipped needles
 w - 7 needles of sleeping
Armour
 c - a +0 robe (worn)
 d - a +0 cloak (worn)
 I - a cursed +0 buckler
Jewellery
 m - a ring of flight (left hand)
Wands
 D - a wand of disintegration (11/24)
 G - a wand of confusion (23/48)
Scrolls
 i - 2 scrolls of remove curse {unknown}
 j - 2 scrolls of blinking {unknown}
 k - a scroll of fear {unknown}
 p - a scroll of enchant armour {unknown}
 q - 2 scrolls of identify {unknown}
 r - a scroll of amnesia {unknown}
 t - 3 scrolls of random uselessness {unknown}
 x - a scroll of immolation {unknown}
 y - a scroll of magic mapping {unknown}
 z - a scroll of noise {unknown}
 C - a scroll of fog {unknown}
 E - a scroll of recharging {unknown}
Potions
 h - a potion of resistance {unknown}
 l - 4 potions of flight {unknown}
 n - a potion of haste {unknown}
 o - a potion of brilliance {unknown}
 s - a potion of lignification {unknown}
 u - a potion of degeneration {unknown}
 v - 5 potions of curing {unknown}
 A - a potion of magic {unknown}
 F - 2 potions of ambrosia {unknown}
 H - a potion of berserk rage {unknown}
 J - a potion of might {unknown}
Comestibles
 g - 3 bread rations
 B - a beef jerky
 K - 3 chunks of flesh
 L - 2 royal jellies


   Skills:
 + Level 3.5 Fighting
 + Level 3.6 Short Blades
 - Level 3.1 Throwing
 + Level 2.6 Dodging
 + Level 6.6 Stealth
 + Level 1.4 Invocations


You had 6 spell levels left.
You didn't know any spells.

Dungeon Overview and Level Annotations

Branches:
Dungeon (4/15)
 Temple: D:4-7

Altars:
Pakellas
Ukayaw

Annotations:
D:3 namelastname112's ghost, amateur HuWn


Innate Abilities, Weirdness & Mutations

You have extremely sharp teeth.
You heal very quickly.
When hurt, damage is shared between your health and your magic reserves.
Your bite disrupts and absorbs the magic of your enemies.
Potions and wands cannot restore your health.
You are immune to rotting.


Message History

The orc wizard resists with some effort.
Evoking this partially-identified wand wasted a few charges.
The orc wizard hits you with a dagger of protection.
* * * LOW HITPOINT WARNING * * *
The worker ant misses you. The orc wizard closely misses you.
You don't have enough magic at the moment.
Things that are here:
a leather armour; an orc corpse The orc wizard hits you but does no damage.
The worker ant closely misses you. The worker ant barely misses you.
The orc wizard closely misses you.
You completely miss the orc wizard. Your bite misses the orc wizard.
The orc wizard is heavily wounded.
The orc wizard looks more healthy.
The orc wizard misses you.
You barely miss the orc wizard.
The orc wizard is heavily wounded.
The orc wizard points at you and mumbles some strange words.
The magic dart hits you!
You die...

........##......#..#..#..#.#
........##....#.#.#..#.#...#
##.......#####......#...#..##
...#####.......#...#.._..#..##
.#####......####..#.......#..#
.................###########.#
####..#####...#.......≈......#
##...## ###....##§§§≈......#
...### ####@##§§§≈≈§....# .###
#ao....§......# ## #####
######>.[..≈..#####
##...####.......)....>#
####.....#...###..#..(#..###
..#........# #.####...)..# .
..#.......# ##. ###....#..
..........#####..#####..#......
......<..#.............##.#.##.


You could see a worker ant and an orc wizard.

Vanquished Creatures
  A black bear (D:4)
  A phantom (D:4)
  A big kobold (Sewer)
  A hound (D:4)
  2 orc wizards
  A worker ant (D:4)
  2 hound skeletons (D:4)
  4 adders
  4 gnolls
  3 oozes
  4 worms
  2 dart slugs (D:2)
  4 giant geckos
  9 orcs
  A ball python (D:3)
  4 giant cockroaches
  3 goblins
  7 hobgoblins
  6 jackals
  2 quokkas
  2 bats (D:2)
  4 giant newts
  11 kobolds
  12 rats
91 creatures vanquished.

Notes
Turn   | Place    | Note
--------------------------------------------------------------
     0 | D:1      | oplop the Vine Stalker Assassin began the quest for the Orb.
     0 | D:1      | Reached XP level 1. HP: 11/11 MP: 2/2
   181 | D:1      | Reached skill level 1 in Dodging
   402 | D:1      | Reached XP level 2. HP: 6/15 MP: 3/3
   949 | D:2      | Reached skill level 5 in Stealth
   949 | D:2      | Reached XP level 3. HP: 18/18 MP: 4/4
  1252 | D:2      | Reached XP level 4. HP: 9/23 MP: 2/5
  1367 | D:2      | Found a faded altar to an unknown god.
  1760 | D:2      | Reached XP level 5. HP: 26/27 MP: 6/6
  2155 | D:3      | Found a glowing drain.
  2182 | Sewer    | Entered a sewer
  2241 | Sewer    | Noticed a big kobold
  2269 | Sewer    | Killed a big kobold
  2269 | Sewer    | Gained mutation: You heal very quickly. [Vine Stalker growth]
  2269 | Sewer    | Reached XP level 6. HP: 13/32 MP: 5/7
  2313 | Sewer    | Found a glowing silver altar of Zin.
  2379 | D:3      | Reached skill level 6 in Stealth
  2559 | D:3      | Noticed namelastname112's ghost (amateur HuWn)
  2696 | D:4      | Found a hide-covered altar to Ukayaw.
  2719 | D:4      | Became a worshipper of Ukayaw the Reveler
  2777 | D:4      | Found an oddly glowing altar of Pakellas.
  2784 | D:4      | Reached * piety under Ukayaw
  2818 | D:4      | Noticed a phantom
  2868 | D:4      | Reached ** piety under Ukayaw
  2911 | D:4      | Killed a phantom
  2911 | D:4      | Reached skill level 1 in Invocations
  2911 | D:4      | Reached XP level 7. HP: 14/36 MP: 8/8
  3149 | D:4      | Killed from afar by an orc wizard

Vault maps used:
D:1:      lemuel_arrival_room, nrook_mini_backslash
D:2:      ecumenical_altar_1, serial_bayou_pond_c
D:3:      portal_sewer_entry_f
D:4:      black_bear_nest_2, lemuel_crystal_altar, first_bread,
          grunt_pakellas_sulfur, uniq_robin
Sewer:    sewer_kobolds

Skill      XL: |  1  2  3  4  5  6 |
---------------+-------------------+-----
Dodging        | 1 2 |  2.6
Fighting       | 2 3 |  3.5
Short Blades   | 2 3 |  3.6
Throwing       | 2 3 |  3.1
Stealth        | 5 6 |  6.6
Invocations    | 1 |  1.4

Action                   |  1- 3 |  4- 6 |  7- 9 || total
-------------------------+-------+-------+-------++-------
Melee: Dagger            |   110 |   215 |    23 ||   348
       Bite              |    35 |    54 |     8 ||    97
 Fire: Blowgun           |     4 |    14 |     2 ||    20
Invok: Stomp             |       |     3 |     1 ||     4
Evoke: Wand              |       |       |     2 ||     2
 Stab: Sleeping          |     6 |    16 |     1 ||    23
       Distracted        |     1 |       |       ||     1
  Eat: Chunk             |     1 |     5 |     2 ||     8
Armor: Robe              |    11 |    22 |     3 ||    36
Dodge: Dodged            |    41 |   132 |    19 ||   192
